 Dungeon Crawl Stone Soup version 0.18.1-48-g4cf74bf (webtiles) character file.

791 raph the Chiller (level 7, -10/51 HPs)
             Began as a Merfolk Ice Elementalist on July 4, 2016.
             Was a Follower of Kikubaaqudgha.
             Mangled by a wyvern (13 damage)
             ... on level 5 of the Dungeon.
             The game lasted 00:12:56 (6215 turns).

raph the Chiller (Merfolk Ice Elementalist)         Turns: 6215, Time: 00:12:57

Health: -10/51     AC:  5    Str: 11    XL:     7   Next: 88%
Magic:  1/11       EV: 13    Int: 15    God:    Kikubaaqudgha [*.....]
Gold:   242        SH:  0    Dex: 18    Spells: 4 memorised, 1 level left

rFire  x . .     SeeInvis +     g - +0 short sword
rCold  + . .     Gourm    .     C - +0 ring mail of Fortification {Str+2 Dex+3 SInv}
rNeg   . . .     Faith    .     (no shield)
rPois  .         Spirit   .     (no helmet)
rElec  .         Dismiss  .     (no cloak)
rCorr  .         Reflect  .     (no gloves)
SustAt .         Harm     .     (no boots)
MR     .....                    y - amulet of rage
Stlth  +.........               p - ring of ice
                                w - ring of loudness (curse)

@: not resistant to hostile enchantments, very unstealthy
A: change form in water, swift swim
a: Receive Corpses, Renounce Religion, Evoke Berserk Rage


You were on level 5 of the Dungeon.
You worshipped Kikubaaqudgha.
Kikubaaqudgha was aware of your devotion.
You were near starving.

You visited 1 branch of the dungeon, and saw 5 of its levels.

You collected 242 gold pieces.

Inventory:

Hand Weapons
 g - a +0 short sword (weapon)
Missiles
 D - 7 tomahawks (quivered)
Armour
 l - a +0 robe of magic resistance
 C - the +0 ring mail of Fortification (worn) {Str+2 Dex+3 SInv}
   (You found it on level 4 of the Dungeon)

   It affects your strength (+2).
   It affects your dexterity (+3).
   It lets you see invisible.
Jewellery
 d - an uncursed ring of flight
 p - a ring of ice (right hand)
 w - a cursed ring of loudness (left hand)
 y - an amulet of rage (around neck)
Wands
 h - a wand of teleportation (5/9)
 z - a wand of confusion (36/48)
Scrolls
 a - a scroll of enchant armour {unknown}
 e - 2 scrolls of enchant weapon {unknown}
 j - a scroll of identify {unknown}
 k - 4 scrolls of magic mapping {unknown}
 m - a scroll of remove curse {unknown}
 n - a scroll of fear {unknown}
 r - a scroll of amnesia {unknown}
 x - a scroll of blinking {unknown}
Potions
 i - a potion of lignification {unknown}
 o - a potion of brilliance {unknown}
 q - 3 potions of curing {unknown}
 s - a potion of magic {unknown}
 t - a potion of flight {unknown}
 u - a potion of heal wounds {unknown}
 v - a potion of agility {unknown}
 A - a potion of resistance {unknown}
 B - a potion of might {unknown}
Books
 b - a book of Frost

   Spells                             Type                      Level
   a - Freeze                         Ice                          1
   b - Throw Frost                    Conjuration/Ice              2
   c - Ozocubu's Armour               Charms/Ice                   3
   d - Throw Icicle                   Conjuration/Ice              4
   e - Summon Ice Beast               Ice/Summoning                4
 F - Kikubaaqudgha's Grimoire of Sinister Rituals
   (Kikubaaqudgha gifted it to you on level 4 of the Dungeon)

   Spells                             Type                      Level
   a - Pain                           Necromancy                   1
   b - Corpse Rot                     Necromancy                   2
   c - Sublimation of Blood           Necromancy                   2
   d - Regeneration                   Charms/Necromancy            3
   e - Control Undead                 Necromancy                   4
Comestibles
 c - 3 bread rations
 f - 5 fruits
 E - a beef jerky
 G - a slice of pizza


   Skills:
 - Level 2.7 Fighting
 * Level 2.2 Armour
 - Level 4.7 Dodging
 - Level 2.1 Stealth
 + Level 2.9 Spellcasting
 - Level 1.1 Conjurations
 - Level 3.7 Charms
 - Level 0.4 Necromancy
 - Level 6.1 Ice Magic


You had one spell level left.
You knew the following spells:

 Your Spells              Type           Power        Failure   Level  Hunger
a - Freeze                Ice            ####         4%          1    #......
b - Throw Frost           Conj/Ice       ###...       21%         2    ##.....
c - Ozocubu's Armour      Chrm/Ice       ####....     21%         3    ###....
d - Throw Icicle          Conj/Ice       ###.....     94%         4    #####..


Dungeon Overview and Level Annotations

Branches:
Dungeon (5/15)             Temple (0/1) D:4

Altars:
Fedhas
Kikubaaqudgha
Nemelex Xobeh
Pakellas
Ru
Xom

Annotations:
D:3 Coyotero's ghost, weakling GrCK


Message History

You feel a surge of power!
You freeze the giant frog.
The giant frog is moderately wounded.
The wyvern bites you!
* * * LOW HITPOINT WARNING * * *
The giant frog misses you.
Your magical contamination has completely faded away.
Casting: Freeze
Confirm with . or Enter, or press ? or * to list all spells.
Aiming: Freeze
Press: ? - help, Shift-Dir - straight line, f/p - giant frog
Aim: a giant frog (moderately wounded)
You feel a surge of power!
You freeze the giant frog.
The giant frog is moderately wounded.
The wyvern barely misses you. The giant frog hits you.
* * * LOW HITPOINT WARNING * * *
The giant frog hits you.
* * * LOW HITPOINT WARNING * * *
The wyvern bites you!
You die...
Kikubaaqudgha rasps: "You have failed me!
Welcome... death!"

...............................
.............................
#..........................
##.....# #.................#
##..##..###............>...##
.###.$.##..).#............#####
#........†.##.#..#..........#
..#...#######..l.#....>.....#
.....# #..F@#..........# .....
####(#..........# .....
#.#..........# ....
####........## .... ##......##
########


You could see a wyvern and a giant frog.

Vanquished Creatures
  A centaur (D:5)
  3 scorpions
  3 crimson imps (D:3)
  A hound (D:4)
  An orc priest (D:2)
  A jelly (D:5)
  Jessica (D:2)
  Ijyb (D:2)
  An iguana (D:5)
  2 orc wizards
  2 worker ants
  7 adders
  An ooze (D:2)
  2 worms (D:2)
  2 dart slugs (D:1)
  3 giant geckos
  8 orcs
  5 giant cockroaches
  10 goblins
  17 hobgoblins
  5 jackals
  15 kobolds
  3 quokkas
  A ball python (D:2)
  6 bats
  7 giant newts
  11 rats
120 creatures vanquished.

Notes
Turn   | Place    | Note
--------------------------------------------------------------
     0 | D:1      | raph the Merfolk Ice Elementalist began the quest for the Orb.
     0 | D:1      | Reached XP level 1. HP: 13/13 MP: 3/3
   284 | D:1      | Reached XP level 2. HP: 15/19 MP: 0/5
   322 | D:1      | Reached skill level 4 in Ice Magic
   353 | D:1      | Learned a level 2 spell: Throw Frost
   809 | D:1      | Reached XP level 3. HP: 24/24 MP: 1/6
  1273 | D:1      | Learned a level 3 spell: Ozocubu's Armour
  1899 | D:2      | Noticed Ijyb
  1909 | D:2      | Killed Ijyb
  1909 | D:2      | Reached skill level 1 in Charms
  1909 | D:2      | Reached skill level 5 in Ice Magic
  1909 | D:2      | Reached XP level 4. HP: 29/30 MP: 0/7
  2782 | D:2      | Reached XP level 5. HP: 19/35 MP: 2/8
  2946 | D:2      | Found a sacrificial altar of Ru.
  2948 | D:2      | Found an oddly glowing altar of Pakellas.
  2951 | D:2      | Found a sparkling altar of Nemelex Xobeh.
  3295 | D:2      | Noticed Jessica
  3325 | D:2      | Killed Jessica
  3528 | D:2      | Reached skill level 1 in Fighting
  3905 | D:3      | Noticed Coyotero's ghost (weakling GrCK)
  3919 | D:2      | Reached XP level 6. HP: 39/43 MP: 1/9
  4151 | D:3      | Found a shimmering altar of Xom.
  4422 | D:3      | Found an ancient bone altar of Kikubaaqudgha.
  4422 | D:3      | Found a blossoming altar of Fedhas.
  4428 | D:3      | Became a worshipper of Kikubaaqudgha
  4729 | D:4      | Reached skill level 6 in Ice Magic
  4729 | D:4      | Reached XP level 7. HP: 49/51 MP: 1/10
  4735 | D:4      | Learned a level 4 spell: Throw Icicle
  5054 | D:4      | Reached skill level 1 in Conjurations
  5404 | D:4      | Got a pitted ring mail
  5415 | D:4      | Identified the +0 ring mail of Fortification {Str+2 Dex+3 SInv} (You found it on level 4 of the Dungeon)
  5547 | D:4      | Reached * piety under Kikubaaqudgha
  5547 | D:4      | Received a gift from Kikubaaqudgha
  5549 | D:4      | Identified Kikubaaqudgha's Grimoire of Sinister Rituals (Kikubaaqudgha gifted it to you on level 4 of the Dungeon)
  5820 | D:4      | Found a staircase to the Ecumenical Temple.
  5989 | D:5      | Entered Level 5 of the Dungeon
  6045 | D:5      | Reached skill level 1 in Armour
  6199 | D:5      | Noticed a wyvern
  6215 | D:5      | Mangled by a wyvern

Skill      XL: |  1  2  3  4  5  6  7 |
---------------+----------------------+-----
Ice Magic      | 4 5 6 |  6.1
Charms         | 1 2 3 |  3.7
Dodging        | 3 4 |  4.7
Fighting       | 1 2 |  2.7
Conjurations   | 1 |  1.1
Armour         | 2 |  2.2
Stealth        | |  2.1
Spellcasting   | |  2.9
Necromancy     | |  0.4

Action                   |  1- 3 |  4- 6 |  7- 9 || total
-------------------------+-------+-------+-------++-------
Melee: Unarmed           |     1 |       |       ||     1
       Short sword       |     6 |    20 |     4 ||    30
 Cast: Freeze            |    50 |    78 |    52 ||   180
       Throw Frost       |     9 |    22 |     9 ||    40
       Ozocubu's Armour  |       |     1 |     1 ||     2
 Stab: Sleeping          |       |     2 |       ||     2
  Eat: Chunk             |     4 |     8 |     5 ||    17
       Meat ration       |       |     1 |       ||     1
Armor: Robe              |     3 |    10 |       ||    13
       Ring mail         |       |       |     4 ||     4
Dodge: Dodged            |    28 |    50 |    41 ||   119
